 Dungeon Crawl Stone Soup version 0.24.0-125-gc4c63601f3 (webtiles) character file.

Game seed: 15247898772823962594, levelgen mode: deterministic

309 Peloso the Shield-Bearer (level 6, 0/53 HPs)
             Began as a Minotaur Fighter on Mar 20, 2020.
             Slain by an orc
             ... wielding a +0 flail
              (6 damage)
             ... on level 4 of the Dungeon.
             The game lasted 00:06:18 (1966 turns).

Peloso the Shield-Bearer (Minotaur Fighter)         Turns: 1966, Time: 00:06:19

Health: 0/53       AC:  7    Str: 21    XL:     6   Next: 17%
Magic:  5/5        EV:  8    Int:  5    God:
Gold:   136        SH:  0    Dex: 11    Spells: 5/5 levels left

rFire    . . .     SeeInvis .   a - +0 long sword
rCold    . . .     Gourm    .   c - +0 shield
rNeg     . . .     Faith    .   b - +0 scale mail
rPois    .         Spirit   .   (helmet restricted)
rElec    .         Reflect  .   (no cloak)
rCorr    .         Harm     .   (no gloves)
MR       .....                  (no boots)
Stlth    ..........             (no amulet)
HPRegen  0.17/turn              (no ring)
MPRegen  0.09/turn              (no ring)

@: confused
A: retaliatory headbutt, horns 2
a: no special abilities


You were on level 4 of the Dungeon.
You were not hungry.

You visited 1 branch of the dungeon, and saw 4 of its levels.

You collected 136 gold pieces.

Inventory:

Hand Weapons
 a - a +0 long sword (weapon)
Armour
 b - a +0 scale mail (worn)
 c - a +0 shield (worn)
Jewellery
 e - a cursed -3 ring of intelligence {unknown}
 g - an uncursed ring of protection from cold {unknown}
Scrolls
 i - 3 scrolls of identify {unknown}
 j - a scroll of magic mapping {unknown}
 k - a scroll of noise {unknown}
 l - a scroll of teleportation {unknown}
 m - a scroll of random uselessness {unknown}
 n - a scroll of amnesia {unknown}
 p - 2 scrolls of immolation {unknown}
Potions
 d - 3 potions of might
 h - a potion of degeneration {unknown}
 o - 2 potions of curing
 q - a potion of magic {unknown}
Comestibles
 f - 6 rations


   Skills:
 + Level 4.3 Fighting
 + Level 4.9 Long Blades
 + Level 5.1 Armour
 + Level 1.3 Dodging
 + Level 0.1 Stealth
 + Level 5.2 Shields


You had 5 spell levels left.
You didn't know any spells.
Your spell library was empty.

Dungeon Overview and Level Annotations

Branches:
Dungeon (4/15)
 Temple: D:4-7

Altars:
Dithmenos
Ru


Innate Abilities, Weirdness & Mutations

You reflexively headbutt those who attack you in melee.
You have a pair of horns on your head.


Message History

The orc wizard hits you with a +0 dagger.
The orc hits you but does no damage.
You barely miss the orc wizard.
The orc wizard is severely wounded.
The orc closely misses you. The orc priest hits you with a +0 mace.
The orc wizard hits you with a +0 dagger.
The orc closely misses you.
Unknown command.
You closely miss the orc priest.
The orc priest is severely wounded.
The orc hits you with a +0 mace.
The orc priest calls down the wrath of Beogh upon you.
Beogh smites you!
* * * LOW HITPOINT WARNING * * *
The orc wizard barely misses you. The orc hits you with a +0 flail.
* * * LOW HITPOINT WARNING * * *
You bump into the rock wall.
The orc completely misses you.
The orc wizard hits you but does no damage.
The orc priest closely misses you. The orc hits you with a +0 flail.
You die...

. ... #####.....
#oo........
#@###..... .
#oo....... .
#..##.#.## #
#..##.#.##)###.###
#..##.............
#..##.#.#.##.###.#
#.....#...........
#..##.#.#.#.##.#.#
#..##...#........#


You could see an orc priest, an orc wizard and 2 orcs.

Vanquished Creatures
  An orc priest (D:3)
  An iguana (D:4)
  2 orc wizards (D:3)
  A worker ant (D:4)
  Robin (D:2)
  6 adders
  6 worms
  2 leopard geckos
  8 orcs
  2 giant cockroaches
  11 hobgoblins
  4 jackals
  5 kobolds
  3 quokkas
  2 ball pythons
  7 bats
  4 frilled lizards
  16 goblins
  8 rats
90 creatures vanquished.

Notes
Turn   | Place    | Note
-------+----------+-------------------------------------------
     0 | D:1      | Peloso the Minotaur Fighter began the quest for the Orb.
     0 | D:1      | Reached XP level 1. HP: 19/19 MP: 0/0
   220 | D:1      | Reached XP level 2. HP: 27/27 MP: 1/1
   666 | D:2      | Reached XP level 3. HP: 33/33 MP: 2/2
   754 | D:2      | Noticed Robin
   767 | D:2      | Killed Robin
   795 | D:2      | Reached XP level 4. HP: 16/40 MP: 3/3
   924 | D:2      | Found a sacrificial altar of Ru.
  1115 | D:2      | Reached skill level 1 in Dodging
  1238 | D:2      | Found a shadowy altar of Dithmenos.
  1469 | D:3      | Reached XP level 5. HP: 37/46 MP: 4/4
  1553 | D:3      | Reached skill level 5 in Shields
  1566 | D:3      | Reached skill level 5 in Armour
  1872 | D:4      | Reached XP level 6. HP: 52/53 MP: 5/5
  1966 | D:4      | Slain by an orc

Levels and vault maps discovered:
D:1:      roderic_crossed_star, layout_basic, minmay_vboxes
D:2:      minmay_evil_eye, layout_loops_ring, nicolae_ru_the_path_less_chosen,
          nicolae_overflow_hidden_temple,
          nicolae_dithmenos_through_a_glass_darkly, uniq_robin
D:3:      layout_rooms, first_ration, minmay_parallelograms
D:4:      layout_basic, small_statue_intersection, chequers_garden,
          minmay_misc_feat_tower, minmay_diced_spiral, uniq_eustachio

Skill      XL: |  1  2  3  4  5 |
---------------+----------------+-----
Shields        | 4 5 |  5.2
Armour         | 4 5 |  5.1
Long Blades    | 3 4 |  4.9
Fighting       | 4 |  4.3
Dodging        | 1 |  1.3
Stealth        | |  0.1

Action                   |  1- 3 |  4- 6 || total
-------------------------+-------+-------++-------
Melee: Long sword        |    89 |   131 ||   220
       Headbutt          |     8 |    25 ||    33
  Use: Potion            |     5 |       ||     5
  Eat: Chunk             |       |     4 ||     4
Armor: Scale mail        |    52 |    45 ||    97
Dodge: Dodged            |    33 |    48 ||    81
Block: Shield            |    64 |    62 ||   126
       Rpst.: Long sword |     4 |     9 ||    13
